 Dungeon Crawl Stone Soup version 0.29.1-12-g30fa7ad0bf (webtiles) character file.

Game seed: 12259869734324031790

11 Groucho the Chiller (level 2, 0/11 HPs)
             Began as a Felid Ice Elementalist on Dec 19, 2022.
             Slain by a hobgoblin (5 damage)
             ... on level 1 of the Dungeon.
             The game lasted 00:00:32 (273 turns).

Groucho the Chiller (Felid Ice Elementalist)         Turns: 273, Time: 00:00:32

Health: 0/11       AC:  1    Str:  4    XL:     2   Next: 17%
Magic:  6/6        EV: 17    Int: 16    God:
Gold:   15         SH:  0    Dex: 16    Spells: 4/5 levels left
                                        Lives:  0   Deaths: 0

rFire   . . .      SeeInvis +   (weapon unavailable)
rCold   . . .      Faith    .   (shield unavailable)
rNeg    . . .      Spirit   .   (body armour unavailable)
rPois   .          Reflect  .   (helmet unavailable)
rElec   .          Harm     .   (cloak unavailable)
rCorr   .          Rampage  .   (gloves unavailable)
Will    .....                   (boots unavailable)
Stlth   ++........              (no amulet)
HPRegen 0.03/turn               (no ring)
MPRegen 0.10/turn               (no ring)

@: quick
A: very small, claws 1, fangs 3, see invisible, speed 1, shaggy fur 1, stealthy
paws, no weapons or thrown items, no armour, multi-lived
a: no special abilities


You were on level 1 of the Dungeon.
You visited 1 branch of the dungeon, and saw 1 of its levels.

You collected 15 gold pieces.

Inventory:

Scrolls
 b - a scroll of noise {unknown}
 d - a scroll of enchant armour {unknown}
 e - a scroll of teleportation {unknown}
Potions
 a - a potion of magic
 c - a potion of haste {unknown}


   Skills:
 - Level 2.6 Dodging
 * Level 2.9 Stealth
 + Level 0.2 Unarmed Combat
 + Level 2.1 Spellcasting
 + Level 3.9 Ice Magic


You had 4 spell levels left.
You knew the following spells:

 Your Spells              Type           Power      Damage    Failure   Level
a - Freeze                Ice            56%        1d7       4%          1

Your spell library contained the following spells:

 Spells                   Type           Power      Damage    Failure   Level
 Frozen Ramparts          Ice            28%        1d5       12%         3
 Ozocubu's Armour         Ice            14%        N/A       12%         3
 Hailstorm                Conj/Ice       8%         3d4       65%         4


Dungeon Overview and Level Annotations

Branches:
Dungeon (1/15)

Altars:

Shops:
D:1 :


Innate Abilities, Weirdness & Mutations

You have sharp claws.
You have razor-sharp teeth.
You have supernaturally acute eyesight. (SInv)
You cover ground quickly. (Speed+)
You are covered in fur. (AC +1)
Your paws help you pounce on unaware monsters.
You are incapable of wielding weapons or throwing items.
You cannot wear armour.
You gain extra lives every three experience levels.


Message History

The jackal misses you.
You scratch the jackal but do no damage.
Your bite misses the jackal.
The jackal is heavily wounded.
The jackal misses you. x2
You barely miss the jackal.
The jackal is heavily wounded.
The jackal closely misses you.
You scratch the jackal but do no damage.
You bite the jackal.
You kill the jackal!
You closely miss the jackal.
The jackal is moderately wounded.
The jackal closely misses you. The jackal bites you.
You scratch the jackal.
The jackal is almost dead.
The jackal misses you.
You scratch the jackal.
You kill the jackal!
You scratch the hobgoblin but do no damage.
The hobgoblin hits you.
You are too injured to fight recklessly!
You are too injured to fight recklessly!
You are too injured to fight recklessly!
You scratch the hobgoblin.
The hobgoblin is lightly wounded.
The hobgoblin completely misses you.
You are too injured to fight recklessly!
You closely miss the hobgoblin.
The hobgoblin is lightly wounded.
The hobgoblin closely misses you.
You are too injured to fight recklessly!
You scratch the hobgoblin but do no damage.
The hobgoblin is lightly wounded.
The hobgoblin misses you.
You are too injured to fight recklessly!
You closely miss the hobgoblin.
The hobgoblin is lightly wounded.
The hobgoblin hits you.
You die...

#.# ##.## #...## .
##.###.## ## #.#
##.# #.# #.# #.##
##.# .## # #.†###..#
.... #@#...#.#
....##
#g##.#....(.##....
......†B##....#...#
#..
#.####..#####.#....#
### #..# #.# ...# #
#... ..# .... ##
#.## ### ... ##. $.
#.. #. #..


You could see a giant cockroach and a hobgoblin.

Vanquished Creatures
  A dart slug (D:1)
  2 endoplasms (D:1)
  3 jackals (D:1)
  2 frilled lizards (D:1)
  A kobold (D:1)
9 creatures vanquished.

Notes
Turn   | Place    | Note
-------+----------+-------------------------------------------
     0 | D:1      | Groucho the Felid Ice Elementalist began the quest for the
                  | Orb.
     0 | D:1      | Reached XP level 1. HP: 7/7 MP: 4/4
   192 | D:1      | Found Cuifaumi's Book Boutique.
   257 | D:1      | Reached XP level 2. HP: 10/11 MP: 6/6
   273 | D:1      | Slain by a hobgoblin

Illustrated notes

Levels and vault maps discovered:
D:1:      onia_arrival_pentagram, layout_loops_cross,
          hellmonk_ecumenical_altar_lost_god, serial_shops, shop_fountains,
          st_stairs_6, minmay_unequal

Action                   || total
-------------------------++-------
Melee: Unarmed           ||    35
       Bite              ||     4
 Stab: Sleeping          ||     5
Dodge: Dodged            ||    28
